 Dungeon Crawl Stone Soup version 0.32-a0-893-gf85d74f360 (webtiles) character file.

Game seed: 7668275870166922920

55465 croobank the Covert (level 14, -1/110 HPs)
             Began as a Human Summoner on Apr 3, 2024.
             Was a High Priest of Kikubaaqudgha.
             Killed by divine providence
             ... invoked by a meliai
              (10 damage)
             ... on level 4 of the Lair of Beasts on Apr 4, 2024.
             The game lasted 02:08:28 (22785 turns).

croobank the Covert (Human Summoner)               Turns: 22785, Time: 02:08:29

Health: -1/110     AC: 11    Str:  8    XL:     14   Next: 77%
Magic:  28/28      EV: 15    Int: 32    God:    Kikubaaqudgha [*****.]
Gold:   1592       SH:  4    Dex: 15    Spells: 12/33 levels left

rFire   . . .        J - +8 scimitar (flame)
rCold   . . .        n - +0 buckler
rNeg    . . .        c - +0 toga "Victory" {*Victory Clar}
rPois   .            H - +2 helmet
rElec   .            w - +0 cloak
rCorr   .            O - +2 pair of gloves {hurl}
SInv    .            R - +1 pair of boots
Will    +....        Q - amulet of regeneration
Stlth   ++++         d - +6 ring of intelligence
HPRegen 1.18/turn    G - +6 ring of intelligence
MPRegen 0.21/turn

%: clarity
@: lethally poisoned (-1 -> -2), death channelling, inugami summoned
A: explore regen
a: Renounce Religion, Unearth Wretches, Torment


You were on level 4 of the Lair of Beasts.
You worshipped Kikubaaqudgha.
Kikubaaqudgha was extremely pleased with you.
You visited 3 branches of the dungeon, and saw 18 of its levels.
You also visited: Sewer.

You collected 1802 gold pieces.
You spent 210 gold pieces at shops.

Inventory:

Hand Weapons
 J - a +8 scimitar of flaming (weapon)
 Z - a +1 dagger of speed
Missiles
 E - 6 silver javelins
 Y - 3 curare-tipped darts
Armour
 c - the +0 toga "Victory" (worn) {*Victory Clar}
   (You found it on level 9 of the Dungeon)

   *Victory:  When the wearer kills a threatening monster, it has a chance to
   gain +1 AC, +1 Slay, and +1 Int, capping at +7.
   When the wearer uses a scroll or a potion with a hostile monster in sight,
   its bonuses reset to +0.
   Unequipping it also resets its bonuses to +0.
   Clar:      It protects you from confusion, rage, mesmerisation and fear.
 n - a +0 buckler (worn)
 w - a +0 cloak (worn)
 H - a +2 helmet (worn)
 O - a +2 pair of gloves of hurling (worn)
 R - a +1 pair of boots (worn)
Jewellery
 d - a +6 ring of intelligence (left hand)
 l - a ring of positive energy
 q - a ring of resist corrosion
 r - a ring of flight
 s - the ring "Gomianio" {rPois rF- rC+++ Will+ MP+9}
   (You found it on level 13 of the Dungeon)

   [ring of magical power]

   rF-:       It makes you vulnerable to fire.
   rC+++:     It renders you almost immune to cold.
   rPois:     It protects you from poison.
   Will+:     It increases your willpower.
   MP+9:      It affects your magic capacity (+9).
 v - a ring of see invisible
 y - a ring of magical power
 C - a +6 ring of dexterity
 G - a +6 ring of intelligence (right hand)
 L - a +4 ring of protection
 Q - an amulet of regeneration (around neck)
 V - a ring of protection from fire
Wands
 a - a wand of quicksilver (3)
 z - a wand of paralysis (4)
 A - a wand of flame (50)
 K - a wand of warping (11)
 T - a wand of digging (5)
Scrolls
 f - 2 scrolls of torment
 g - 5 scrolls of teleportation
 i - 4 scrolls of blinking
 j - 2 scrolls of fear
 k - 4 scrolls of revelation
 m - 3 scrolls of immolation
 p - a scroll of noise
 t - 4 scrolls of poison
 B - a scroll of fog
 F - 2 scrolls of vulnerability
 M - 2 scrolls of amnesia
 U - a scroll of silence
Potions
 b - a potion of magic
 e - 3 potions of heal wounds
 h - 4 potions of lignification
 o - 7 potions of curing
 u - 3 potions of haste
 x - 6 potions of brilliance
 D - 2 potions of enlightenment
 N - a potion of attraction
 P - 2 potions of cancellation
 W - a potion of resistance
 X - 2 potions of ambrosia
Miscellaneous
 I - a box of beasts
 S - a Gell's gravitambourine (2/2)


   Skills:
 - Level 10.0 Fighting
 - Level 5.0 Long Blades
 - Level 10.0 Dodging
 - Level 10.0 Stealth
 - Level 10.0 Spellcasting
 - Level 10.0 Summonings
 + Level 9.2 Necromancy
 - Level 5.0 Translocations
 - Level 5.0 Fire Magic
 - Level 7.0 Air Magic


You had 12 spell levels left.
You knew the following spells:

 Your Spells              Type           Power      Damage    Failure   Level
b - Call Imp              Summ           100%       N/A       1%          2
c - Call Canine Familiar  Summ           68%        N/A       1%          3
d - Summon Blazeheart Go  Fire/Summ      59%        N/A       2%          4
e - Summon Lightning Spi  Summ/Air       63%        N/A       1%          4
B - Blink                 Tloc           96%        N/A       1%          2
D - Death Channel         Necr           33%        N/A       17%         6

Your spell library contained the following spells:

 Spells                   Type           Power      Damage    Failure   Level
 Foxfire                  Conj/Fire      100%       2x1d9     1%          1
 Kiss of Death            Conj/Necr      100%       2d13      1%          1
 Summon Small Mammal      Summ           100%       N/A       1%          1
 Cigotuvi's Dreadful Rot  Necr/Alch/Air  100%       N/A       1%          2
 Sublimation of Blood     Necr           66%        N/A       1%          2
 Fugue of the Fallen      Necr           66%        N/A       1%          3
 Dispel Undead            Necr           66%        3d23      1%          4
 Martyr's Knell           Necr/Summ      67%        N/A       1%          4
 Curse of Agony           Necr           66%        N/A       3%          5
 Magic Dart               Conj           64%        1d6       4%          1
 Sandblast                Erth           32%        2d9       4%          1
 Passage of Golubria      Tloc           48%        N/A       6%          4
 Ozocubu's Armour         Ice            16%        N/A       14%         3
 Stone Arrow              Conj/Erth      32%        3d9       14%         3
 Tukima's Dance           Hex            16%        N/A       14%         3
 Dimensional Bullseye     Hex/Tloc       16%        N/A       17%         4
 Iskenderun's Mystic Bla Conj/Tloc 32%            2d8        (+2d4     17%         4
 Brom's Barrelling Bould  Conj/Erth      16%        2d4       43%         4
 Leda's Liquefaction      Alch/Erth      8%         N/A       43%         4
 Petrify                  Alch/Erth      16%        N/A       43%         4
 Plasma Beam              Fire/Air       26%        2x1d39    54%         6
 Metabolic Englaciation   Hex/Ice        8%         N/A       80%         5
 Yara's Violent Unravell  Hex/Alch       8%         3d5       80%         5
 Starburst                Conj/Fire      16%        6d6       95%         6
 Manifold Assault         Tloc           24%        N/A       99%         7


Dungeon Overview and Level Annotations

Branches:
Dungeon (13/15)            Temple (1/1) D:5            Lair (4/5) D:8
 Shoals (0/4) Lair:3        Snake (0/4) Lair:3          Orc (0/2) D:10
  Sewer (visited)
  Slime: Lair:4-5    Vaults: D:13-14

Altars:
Ashenzari
Cheibriados
Dithmenos
Elyvilon
Fedhas
Gozag
Hepliaklqana
Kikubaaqudgha
Makhleb
Nemelex Xobeh
Okawaru
Qazlal
Ru
Sif Muna
Trog
Uskayaw
Vehumet
Wu Jian
Xom
Yredelemnul
Zin
The Shining One
Jiyva

Shops:
D:8 [

Annotations:
D:2 1 runed translucent door, Crazy Yiuf
D:7 3 runed translucent doors, EvilEddieB's ghost, novice DsGl
Lair:3 3 runed translucent doors, Ted Jakhope's ghost, journeyman MfSh


Innate Abilities, Weirdness & Mutations

You regain HP and MP as you explore.


Message History

The killer bee poisons you!
Your inugami completely misses the killer bee.
The meliai barely misses you.
The meliai hits something with a +0 war axe.
The meliai stings you but does no damage.
The killer bee barely misses you.
Your spectral yak misses the killer bee.
Your inugami closely misses the killer bee.
The meliai invokes the aid of its god against you.
Something smites you!
* * * LOW HITPOINT WARNING * * *
The killer bee barely misses you.
You swap places.
You feel sick.
The meliai hits your spectral yak with a +0 war axe!
The meliai hits your spectral yak with a +0 war axe.
The meliai stings your spectral yak.
The killer bee barely misses your inugami.
Your spectral yak gores the killer bee!
The killer bee dies!
Kikubaaqudgha accepts your kill.
A glowing mist starts to gather...
Your spectral yak closely misses the meliai.
Your spectral yak gores the meliai.
The meliai hits your spectral yak with a +0 war axe.
The meliai hits your spectral yak with a +0 war axe!
The meliai completely misses your spectral yak.
What are your orders? t - Shout!
Orders for allies: a - Attack new target. r - Retreat! s - Stop attacking. g - Guard the area. f - Follow me.
Anything else - Cancel.
Gang up on whom?
Press: ? - help, Dir - move target, f - meliai
Aim: a meliai, wielding a +0 war axe and wearing a +0 leather armour (almost dead, ally target) Attack!
You feel sick.
The meliai invokes the aid of its god against you.
Something smites you!
You die...
Kikubaaqudgha rasps: You have failed me!
Welcome... death!

....## #....##..
#........ #.†#.##(.
##..# ####...#
##.##Zy## ##..#.)#Z##
#.....†Zh@##
##......ZZ†.# #
#......†....# ...
#...(.....†##..+..
#...#...^.....†......
### +.........+.#....
##...^....PP#.# ..
#P...........##
##.........###


You could see a meliai (ally target), 3 friendly spectral yaks, 2 friendly
spectral killer bees and a friendly inugami (summoned).

Vanquished Creatures
  Rupert (D:13)
  2 reapers (D:13)
  A deep elf death mage (D:13)
  2 hydras (Lair:3)
  2 centaur warriors (D:13)
  2 boulder beetles
  Erica (D:8)
  4 two-headed ogres
  3 tengu warriors (D:13)
  5 soul eaters (D:13)
  A shadow wraith (D:13)
  A flayed ghost (D:13)
  A wolf spider zombie (D:13)
  A necromancer (D:13)
  An ugly thing (D:11)
  2 cyclopes (D:13)
  A manticore (Lair:3)
  3 spectral centaurs (D:13)
  2 slime creatures (D:13)
  2 black mambas
  A meliai (Lair:4)
  4 centaur zombies (D:13)
  2 cane toads (Lair:1)
  4 unseen horrors
  6 centaur skeletons
  4 komodo dragons
  3 rime drakes
  A kobold demonologist (D:10)
  3 freezing wraiths (D:13)
  2 tengu conjurers (D:13)
  A tormentor (D:13)
  2 trolls
  A queen bee (Lair:4)
  A polar bear (Lair:3)
  2 wolf spider simulacra (D:13)
  3 blink frogs
  A spectral meliai (D:13)
  A meliai zombie (D:11)
  2 wyverns
  A shadow (D:12)
  5 centaur simulacra
  18 yaks
  A wraith (D:12)
  2 steam dragons (D:9)
  A warg (D:10)
  Edmund (D:5)
  2 vampire mosquitoes (D:12)
  3 nagas (Lair:3)
  5 water moccasins
  4 orc warriors
  2 ice beasts
  3 black bears
  An ogre (D:4)
  7 wolves
  6 centaurs (D:12)
  A kobold brigand (D:9)
  A nameless horror (D:13)
  15 bullfrogs
  2 gnoll sergeants (D:10)
  3 wights (D:9)
  11 killer bees (Lair:4)
  An orc priest (D:10)
  6 iguanas
  A spectral boggart (D:13)
  A boggart zombie (D:13)
  5 orc wizards
  4 gnolls
  3 adders
  A white imp (D:6)
  2 ufetubi (D:7)
  2 ribbon worms
  A dart slug (Sewer)
  15 orcs
  A bat (D:2)
  2 giant cockroaches (Sewer)
  A goblin (D:4)
  4 hobgoblins
  6 kobolds
  A quokka (D:3)
  3 ball pythons
  7 frilled lizards (Sewer)
  A rat (D:2)
245 creatures vanquished.

Vanquished Creatures (collateral kills)
  A reaper (D:13)
  4 necromancers (D:13)
  A manticore (Lair:3)
  A black mamba (Lair:3)
  A meliai (Lair:4)
  3 centaur skeletons (D:13)
  Jeremiah (D:8)
  An unseen horror (D:10)
  3 cane toads
  A tengu conjurer (D:13)
  A polar bear (Lair:3)
  5 blink frogs
  A wolf spider simulacrum (D:13)
  2 hornets
  2 centaur simulacra (D:13)
  A spriggan (Lair:3)
  3 slime creatures (D:13)
  7 yaks
  A wraith (D:11)
  2 vampire mosquitoes (D:12)
  3 basilisks
  A steam dragon (D:7)
  A naga (Lair:3)
  7 water moccasins
  3 black bears
  An ice beast (D:8)
  A meliai simulacrum (D:13)
  An orc warrior (D:9)
  2 laughing skulls (D:13)
  4 ogres
  6 wolves
  3 centaurs
  2 kobold brigands
  A bullfrog (Lair:3)
  A scorpion (D:7)
  A gnoll sergeant (D:8)
  5 wights (D:9)
  6 killer bees
  3 nameless horrors
  A howler monkey (D:7)
  2 jellies
  A bombardier beetle (D:6)
  9 orc priests
  2 sleepcaps (D:6)
  A gnoll bouda (D:5)
  6 orc wizards
  An iguana (D:6)
  A boggart skeleton (D:13)
  A howler monkey zombie (D:11)
  5 adders
  13 gnolls
  A shadow imp (D:8)
  2 ufetubi (D:6)
  3 dart slugs (Sewer)
  A ribbon worm (D:5)
  17 orcs
  9 ball pythons
  3 endoplasms
  6 giant cockroaches
  2 goblins
  3 hobgoblins
  7 kobolds
  A quokka (D:1)
  5 bats
  9 frilled lizards
  3 rats (D:1)
209 creatures vanquished.

Vanquished Creatures (others)
  A howler monkey (D:9)
  An orc wizard (D:6)
  An orc (D:6)
  81 blazeheart cores
84 creatures vanquished.

Grand Total: 538 creatures vanquished

Notes
Turn   | Place    | Note
-------+----------+-------------------------------------------
     0 | D:1      | croobank the Human Summoner began the quest for the Orb.
     0 | D:1      | Reached XP level 1. HP: 13/13 MP: 3/3
   108 | D:1      | Reached XP level 2. HP: 19/19 MP: 1/5
   111 | D:1      | Learned a level 2 spell: Call Imp
   919 | D:2      | Found a hazy altar of Hepliaklqana.
   955 | D:2      | Reached XP level 3. HP: 24/24 MP: 2/6
   959 | D:2      | Learned a level 3 spell: Call Canine Familiar
  1652 | D:2      | Found a runed translucent door.
  1653 | D:2      | Noticed Crazy Yiuf
  2257 | D:3      | Reached XP level 4. HP: 29/30 MP: 0/7
  3058 | D:4      | Noticed a black bear
  3085 | D:4      | Killed a black bear
  3086 | D:4      | Reached XP level 5. HP: 35/35 MP: 2/9
  3116 | D:5      | Entered Level 5 of the Dungeon
  3191 | D:5      | Learned a level 4 spell: Summon Blazeheart Golem
  3236 | D:5      | Noticed an ogre
  3246 | D:5      | Noticed an ogre
  3249 | D:5      | Killed an ogre
  3250 | D:5      | Reached skill level 1 in Fire Magic
  3250 | D:5      | Reached XP level 6. HP: 41/41 MP: 3/10
  3259 | D:5      | Reached skill level 5 in Summonings
  3277 | D:5      | Found a radiant altar of Vehumet.
  3282 | D:5      | Found a glowing drain.
  3334 | Sewer    | Entered a sewer
  3708 | Sewer    | Reached XP level 7. HP: 46/46 MP: 9/12
  4635 | D:4      | Reached XP level 8. HP: 44/52 MP: 8/13
  4640 | D:4      | Learned a level 4 spell: Summon Lightning Spire
  5352 | D:5      | Found a staircase to the Ecumenical Temple.
  5372 | D:5      | Noticed Edmund
  5374 | Temple   | Entered the Ecumenical Temple
  5389 | Temple   | Became a worshipper of Kikubaaqudgha
  5413 | D:5      | Killed Edmund
  5541 | D:5      | Reached skill level 1 in Fighting
  5940 | D:5      | Reached skill level 5 in Stealth
  6368 | D:6      | Found a shimmering altar of Xom.
  6515 | D:6      | Reached skill level 5 in Dodging
  6515 | D:6      | Reached skill level 5 in Fire Magic
  6681 | D:6      | Reached XP level 9. HP: 62/62 MP: 12/16
  6779 | D:6      | Reached * piety under Kikubaaqudgha
  6779 | D:6      | Received a gift from Kikubaaqudgha
  7495 | D:7      | Found a runed translucent gate.
  7612 | D:7      | Reached skill level 5 in Spellcasting
  8403 | D:7      | Found a runed translucent gate.
  8403 | D:7      | Found an opulent altar of Gozag.
  8404 | D:7      | Found a runed translucent gate.
  8404 | D:7      | Noticed a deep elf pyromancer
  8404 | D:7      | Noticed a cyclops
  8404 | D:7      | Noticed EvilEddieB's ghost (novice DsGl)
  8988 | D:8      | You fall into a shaft and drop 2 floors!
  8988 | D:10     | Entered Level 10 of the Dungeon
  9023 | D:10     | Noticed a two-headed ogre
  9023 | D:10     | Noticed a kobold demonologist
  9028 | D:10     | Killed a two-headed ogre
  9029 | D:10     | Noticed an orange demon
  9068 | D:10     | Reached XP level 10. HP: 67/73 MP: 6/18
  9292 | D:9      | Reached skill level 5 in Fighting
  9448 | D:9      | Noticed a two-headed ogre
  9455 | D:9      | Killed a two-headed ogre
  9504 | D:9      | Reached ** piety under Kikubaaqudgha
  9617 | D:9      | Found an iron altar of Okawaru.
  9618 | D:9      | Found a runed translucent door.
  9623 | D:9      | Found the +0 toga "Victory" {*Victory Clar}
 10052 | D:9      | Noticed a two-headed ogre
 10060 | D:9      | Killed a two-headed ogre
 10061 | D:9      | Reached XP level 11. HP: 65/81 MP: 14/21
 11349 | D:8      | Learned a level 2 spell: Blink
 11366 | D:8      | Found a staircase to the Lair.
 11462 | D:8      | Noticed Erica
 11484 | D:8      | Killed Erica
 11485 | D:8      | Reached skill level 1 in Air Magic
 11714 | D:8      | Noticed Jeremiah
 11746 | D:8      | Killed Jeremiah
 12116 | D:8      | Found Nuur Via's Antique Armour Emporium.
 12126 | D:8      | Bought a pair of embroidered gloves for 210 gold pieces
 12439 | D:9      | Reached skill level 1 in Translocations
 13025 | D:10     | Reached *** piety under Kikubaaqudgha
 13025 | D:10     | Received a gift from Kikubaaqudgha
 13157 | D:10     | HP: 1/83 [orc priest/divine providence (13)]
 13565 | D:10     | Found a staircase to the Orcish Mines.
 13670 | D:11     | Found the amulet of Elemental Vulnerability {rPois rF--
                  | rC-- AC+8}
 13832 | D:11     | Noticed a brown ugly thing
 13851 | D:11     | Killed a brown ugly thing
 13913 | D:11     | Reached XP level 12. HP: 62/91 MP: 21/23
 14985 | D:12     | Reached skill level 5 in Air Magic
 15154 | D:13     | Noticed a tengu warrior
 15159 | D:13     | Killed a tengu warrior
 15276 | D:13     | Noticed a two-headed ogre
 15285 | D:13     | Killed a two-headed ogre
 15568 | D:13     | Noticed a centaur warrior
 15575 | D:13     | Killed a centaur warrior
 16003 | D:13     | Noticed a centaur warrior
 16015 | D:13     | Killed a centaur warrior
 16134 | D:13     | Reached skill level 1 in Long Blades
 16153 | D:13     | Noticed a tengu warrior
 16155 | D:13     | Noticed a tengu warrior
 16167 | D:13     | Killed a tengu warrior
 16179 | D:13     | Killed a tengu warrior
 16352 | D:13     | Noticed Rupert
 16357 | D:13     | Reached **** piety under Kikubaaqudgha
 16358 | D:13     | Reached XP level 13. HP: 98/98 MP: 17/25
 16362 | D:13     | Killed Rupert
 16367 | D:13     | Reached skill level 10 in Stealth
 16417 | D:13     | Noticed a reaper
 16448 | D:13     | Killed a reaper
 16811 | D:13     | Reached skill level 10 in Summonings
 17129 | D:13     | Reached skill level 5 in Translocations
 17188 | D:13     | Found a basalt altar of Yredelemnul.
 17547 | D:13     | Found an ancient bone altar of Kikubaaqudgha.
 17677 | D:13     | Reached skill level 5 in Long Blades
 18124 | D:13     | Identified the +9 battleaxe of Symmetry {drain, rF+}
 18151 | D:13     | Reached skill level 10 in Dodging
 18380 | D:13     | Reached ***** piety under Kikubaaqudgha
 18893 | D:13     | Noticed a deep elf death mage
 18898 | D:13     | Noticed a reaper
 18901 | D:13     | Killed a deep elf death mage
 18902 | D:13     | Reached XP level 14. HP: 109/109 MP: 18/27
 18907 | D:13     | Killed a reaper
 18954 | D:13     | Noticed a reaper
 18967 | D:13     | Killed a reaper
 18968 | D:13     | Reached skill level 10 in Fighting
 18968 | D:13     | Reached skill level 10 in Spellcasting
 18968 | D:13     | Reached skill level 1 in Necromancy
 19288 | D:13     | Identified the ring "Gomianio" {rPois rF- rC+++ Will+ MP+9}
 19577 | Lair:1   | Entered Level 1 of the Lair of Beasts
 19660 | Lair:1   | Identified the +0 pair of boots "Gumn" {Rampage Str-5 SInv}
 20497 | Lair:1   | Reached skill level 5 in Necromancy
 21444 | Lair:2   | Learned a level 6 spell: Death Channel
 21968 | Lair:3   | Found a staircase to the Snake Pit.
 22148 | Lair:3   | Found a staircase to the Shoals.
 22462 | Lair:3   | Found a runed translucent gate.
 22462 | Lair:3   | Found a runed translucent gate.
 22462 | Lair:3   | Found a runed translucent gate.
 22463 | Lair:3   | Found a viscous altar of Jiyva.
 22463 | Lair:3   | Noticed Ted Jakhope's ghost (journeyman MfSh)
 22785 | Lair:4   | Killed from afar by a meliai

Illustrated notes

Levels and vault maps discovered:
D:1:      nagdon_arrival_double_spiral, layout_rooms, palyth_stone_intersect
D:2:      layout_loops_ring, basic_altar, kennysheep_generic_room_11,
          uniq_crazy_yiuf_cottage
D:3:      layout_loops_ring, serial_glass, glass_columns_a, glass_columns_b,
          minmay_quadrilaterals
D:4:      layout_basic
D:5:      layout_basic, mainiacjoe_overflow_brackets, minmay_temple_entry_grid,
          mainiacjoe_sewer_entry_somewhere_in_here_1, uniq_edmund
D:6:      layout_cave_pods, old_standard_altar
D:7:      layout_basic, ebering_ghost_gozag, kennysheep_generic_room_10
D:8:      layout_basic, lair_entry_dummy, serial_shops, shop, uniq_erica,
          uniq_jeremiah
D:9:      layout_long_grid, nicolae_overflow_guarded_unrand_okawaru_victory,
          minmay_alternating_orb
D:10:     layout_roguey, minmay_orc_entry_guard_dogs
D:11:     layout_loops_ring, hangedman_weighted_door, skrybe_limestone_x
D:12:     layout_roguey
D:13:     evilmike_negative_zone, layout_irregular_city,
          lemuel_zombie_altar_yredelemnul, uniq_rupert
Temple:   compressed_dpeg_triangle_lava_temple
Lair:1:   layout_cave_pods, grunt_megastairs_3
Lair:2:   layout_loops_ring, serial_bayou_shore_b
Lair:3:   layout_long_grid, minmay_shoals_entry_beasts,
          minmay_snake_entry_guardpost_small, gammafunk_ghost_ooze,
          grunt_forest_stairs_clearing, grunt_megastairs_5
Lair:4:   layout_roguey, special_room [special_room_bee],
          gammafunk_lair_bear_cave, uniq_snorg

Skill      XL: |  1  2  3  4  5  6  7  8  9 10 11 12 13 14 |
---------------+-------------------------------------------+-----
Dodging        | 3 4 5 6 7 8 9 10 | 10.0
Stealth        | 3 4 5 7 8 9 10 | 10.0
Spellcasting   | 3 4 5 6 7 8 9 10 | 10.0
Fire Magic     | 1 2 3 5 |  5.0
Summonings     | 5 6 7 8 9 10 | 10.0
Fighting       | 2 4 6 7 9 10 | 10.0
Air Magic      | 4 6 7 |  7.0
Translocations | 2 4 5 |  5.0
Long Blades    | 2 5 |  5.0
Necromancy     | 9 |  9.2

Action                     |  1- 3 |  4- 6 |  7- 9 | 10-12 | 13-15 || total
---------------------------+-------+-------+-------+-------+-------++-------
  Melee: Dagger            |    23 |       |       |     7 |       ||    30
         Short sword       |    11 |    37 |   149 |    56 |       ||   253
         Scimitar          |       |       |       |   104 |   177 ||   281
         Morningstar       |       |       |       |     3 |       ||     3
  Throw: Dart              |       |       |     3 |       |       ||     3
         Throwing net      |       |       |       |       |     1 ||     1
   Cast: Summon Small Mamm |    40 |    21 |    26 |     5 |       ||    92
         Call Imp          |    16 |    14 |    14 |     5 |     1 ||    50
         Call Canine Famil |     5 |    11 |    14 |    13 |     2 ||    45
         Summon Blazeheart |       |       |    17 |    43 |    54 ||   114
         Summon Lightning  |       |       |     9 |    37 |    24 ||    70
         Death Channel     |       |       |       |       |     2 ||     2
  Evoke: Wand              |       |       |       |     3 |     5 ||     8
    Use: Scroll            |     5 |     2 |     6 |    20 |     4 ||    37
         Potion            |       |     1 |       |     1 |     4 ||     6
   Stab: Sleeping          |     1 |     2 |     9 |     5 |     8 ||    25
         Distracted        |     1 |       |       |     1 |       ||     2
         Held in net/web   |       |       |       |       |     1 ||     1
 Armour: Robe              |    26 |    27 |   103 |   239 |   192 ||   587
  Dodge: Dodged            |    30 |    38 |   108 |   318 |   256 ||   750
  Block: Buckler           |       |       |       |       |    40 ||    40

Table legend: (Time is in decaauts)
 A = Elapsed time spent in this place.
 B = Non-inter-level travel time spent in this place.
 C = Inter-level travel time spent in this place.
 D = Time resting spent in this place.
 E = Time spent auto-exploring this place.
 F = Levels seen in this place.
 G = Mean time per level.
                   A        B        C        D        E       F      G
               +--------+--------+--------+--------+--------+-----+--------+
         Total |  22924 |  22034 |    890 |   4650 |  12277 |  19 | 1206.5 |
       Dungeon |  19023 |  18248 |    775 |   4375 |   9791 |  13 | 1463.3 |
        Temple |     30 |      1 |     29 |      0 |      0 |   1 |   30.0 |
          Lair |   3232 |   3147 |     85 |    220 |   2184 |   4 |  808.0 |
         Sewer |    637 |    637 |      0 |     55 |    302 |   1 |  637.0 |
               +--------+--------+--------+--------+--------+-----+--------+

Top non-repeatable levels by time:
    D:13: 4334 daAuts
     D:7: 2491 daAuts
     D:6: 1400 daAuts
     D:9: 1355 daAuts
     D:8: 1309 daAuts
  Lair:1: 1251 daAuts
     D:5: 1216 daAuts
     D:4: 1211 daAuts
     D:3: 1152 daAuts
    D:10: 1086 daAuts
     D:2: 1020 daAuts
  Lair:3: 989 daAuts
    D:11: 954 daAuts
     D:1: 868 daAuts
  Lair:2: 867 daAuts
